 Dungeon Crawl Stone Soup version 0.23.0-28-g6fe0f4d (webtiles) character file.

Game seed: 0

665 redwoodhats the Ducker (level 7, 0/57 HPs)
             Began as a Grey Draconian Warper on Feb 25, 2019.
             Killed by divine providence
             ... invoked by an orc priest
              (12 damage)
             ... on level 4 of the Dungeon on Feb 26, 2019.
             The game lasted 00:26:17 (5785 turns).

redwoodhats the Ducker (Grey Draconian Warper)      Turns: 5785, Time: 00:26:17

Health: 0/57       AC: 14    Str: 17    XL:     7   Next: 31%
Magic:  7/11       EV: 16    Int: 15    God:
Gold:   193        SH:  0    Dex: 13    Spells: 7/12 levels left

rFire    . . .     SeeInvis +   t - +4 flail
rCold    . . .     Gourm    .   (no shield)
rNeg     . . .     Faith    .   (armour unavailable)
rPois    .         Spirit   .   (helmet restricted)
rElec    .         Reflect  .   (no cloak)
rCorr    .         Harm     .   p - +2 pair of gloves
MR       .....                  (no boots)
Stlth    ++........             (no amulet)
HPRegen  0.19/turn              m - +2 ring of evasion
MPRegen  0.12/turn              k - +4 ring of strength

@: no status effects
A: walk through water, unfitting armour, see invisible, agile 1, unbreathing,
cold-blooded, AC +11
a: no special abilities


You were on level 4 of the Dungeon.
You were not hungry.

You visited 1 branch of the dungeon, and saw 4 of its levels.

You collected 193 gold pieces.

Inventory:

Hand Weapons
 a - a +0 spear
 e - a +2 flail of protection
 q - a +1 dagger of venom
 t - a +4 flail (weapon)
Missiles
 d - 2 tomahawks of dispersal (quivered)
 o - 11 tomahawks
Armour
 b - a cursed +0 leather armour
 n - a +0 pair of gloves
 p - a +2 pair of gloves (worn)
 r - a +3 leather armour of cold resistance
Jewellery
 k - a +4 ring of strength (right hand)
 m - a +2 ring of evasion (left hand)
Wands
 h - a wand of clouds (4)
 s - a wand of scattershot (6)
 u - a wand of disintegration (7)
Scrolls
 c - 3 scrolls of blinking
 g - a scroll of teleportation
 i - 2 scrolls of magic mapping
 j - 5 scrolls of remove curse
 l - 3 scrolls of identify
Comestibles
 f - 5 rations


   Skills:
 + Level 3.6 Fighting
 + Level 3.0 Short Blades
 + Level 1.2 Maces & Flails
 + Level 3.1 Polearms
 + Level 0.9 Throwing
 + Level 4.1 Dodging
 + Level 2.4 Stealth
 + Level 3.1 Spellcasting
 + Level 3.8 Translocations


You had 7 spell levels left.
You knew the following spells:

 Your Spells              Type           Power        Failure   Level  Hunger
a - Blink                 Tloc           N/A          6%          2    ##.....
b - Lesser Beckoning      Tloc           ##........   12%         3    ###....

Your spell library contained the following spells:

 Spells                   Type           Power        Failure   Level  Hunger
 Gell's Gravitas          Tloc           ##........   12%         3    ###....
 Teleport Other           Tloc           ##......     12%         3    ###....
 Shroud of Golubria       Chrm/Tloc      #.........   14%         2    ##.....
 Passage of Golubria      Tloc           N/A          38%         4    #####..


Dungeon Overview and Level Annotations

Branches:
Dungeon (4/15)
 Temple: D:4-7

Altars:
Nemelex Xobeh


Innate Abilities, Weirdness & Mutations

You can walk through water.
Your dull iron-grey scales are very hard. (AC +11)
You cannot fit into any form of body armour.
You can survive without breathing.
You are cold-blooded and may be slowed by cold attacks.
You have supernaturally acute eyesight. (SInv)
You are agile. (Dex +2)


Message History

You kill the orc!
You hit the orc.
Your tail-slap misses the orc.
The orc is heavily wounded.
The orc priest calls down the wrath of Beogh upon you.
Beogh smites you!
* * * LOW HITPOINT WARNING * * *
The orc hits you but does no damage.
You hit the orc.
You kill the orc!
The orc misses you.
You aren't carrying any potions.
Casting: Blink (safe; 6% risk of failure)
Confirm with . or Enter, or press ? or * to list all spells.
You blink.
Casting: Blink (safe; 6% risk of failure)
Confirm with . or Enter, or press ? or * to list all spells.
You blink.
The orc priest barely misses you.
The orc priest invokes the aid of Beogh against you.
Beogh smites you!
You die...

.... o.. ..
####### ..
##≈≈≈≈≈##
.#
#≈≈≈≈≈≈≈#
o#
##≈≈≈≈≈≈≈##
##s#
#≈≈≈≈≈≈≈≈≈#
#oo#
#≈≈≈≈.≈≈≈≈#
#o##
#≈...≈≈≈.≈#
#@#
##.......##
#o#
#.......#
#.#
##.....##
##§#
###...###
#.(#
#.#...#.#
#.##
#.#...#.#
#.#
#.#...#.#
#.#
#.##..#.#
#.#


You could see 2 orc priests, an orc wizard, 2 orcs and a giant cockroach.

Vanquished Creatures
  Edmund (D:4)
  2 scorpions
  An orc wizard (D:3)
  2 orc priests (D:3)
  Ijyb (D:4)
  8 adders
  11 gnolls
  An ooze (D:1)
  An adder skeleton (D:4)
  2 worms
  6 dart slugs
  5 leopard geckos
  27 orcs
  3 giant cockroaches
  7 goblins
  10 hobgoblins
  2 jackals (D:3)
  A quokka (D:2)
  2 ball pythons
  16 bats
  3 frilled lizards
  2 kobolds
  11 rats
125 creatures vanquished.

Notes
Turn   | Place    | Note
-------+----------+-------------------------------------------
     0 | D:1      | redwoodhats the Draconian Warper began the quest for the
                  | Orb.
     0 | D:1      | Reached XP level 1. HP: 17/17 MP: 3/3
   399 | D:1      | Reached XP level 2. HP: 21/25 MP: 5/5
  1334 | D:1      | Found a sparkling altar of Nemelex Xobeh.
  1386 | D:2      | Reached XP level 3. HP: 28/30 MP: 6/6
  1621 | D:1      | Learned a level 2 spell: Blink
  1626 | D:1      | Learned a level 3 spell: Lesser Beckoning
  1934 | D:2      | Gained mutation: You have supernaturally acute eyesight.
                  | (SInv) [potion of mutation]
  1934 | D:2      | Gained mutation: You are agile. (Dex +2) [potion of
                  | mutation]
  2261 | D:2      | Reached XP level 4. HP: 38/38 MP: 7/7
  2648 | D:2      | Reached skill level 1 in Stealth
  3249 | D:3      | Reached skill level 3 in Dodging
  3249 | D:3      | Reached XP level 5. HP: 25/45 MP: 5/9
  3758 | D:3      | Reached skill level 1 in Short Blades
  3935 | D:3      | Reached XP level 6. HP: 34/51 MP: 8/10
  4775 | D:4      | Noticed Edmund
  4798 | D:4      | Killed Edmund
  5139 | D:4      | Your scales start taking on a dull iron-grey colour.
  5139 | D:4      | Reached XP level 7. HP: 37/57 MP: 11/11
  5139 | D:4      | Gained mutation: You can survive without breathing. [Grey
                  | Draconian growth]
  5572 | D:4      | Noticed Ijyb
  5584 | D:4      | Killed Ijyb
  5723 | D:4      | Reached skill level 1 in Maces & Flails
  5723 | D:4      | Reached skill level 4 in Dodging
  5785 | D:4      | Killed from afar by an orc priest

Skill      XL: |  1  2  3  4  5  6  7 |
---------------+----------------------+-----
Fighting       | 3 |  3.6
Stealth        | 1 2 |  2.4
Dodging        | 3 4 |  4.1
Polearms       | 3 |  3.1
Short Blades   | 1 3 |  3.0
Spellcasting   | 3 |  3.1
Maces & Flails | 1 |  1.2
Throwing       | |  0.9
Translocations | |  3.8

Action                   |  1- 3 |  4- 6 |  7- 9 || total
-------------------------+-------+-------+-------++-------
Melee: Spear             |   158 |    52 |       ||   210
       Tailslap          |    16 |    36 |    15 ||    67
       Dagger            |       |   184 |       ||   184
       Flail             |       |    26 |    98 ||   124
Throw: Tomahawk          |     3 |       |       ||     3
 Cast: Lesser Beckoning  |     2 |     3 |       ||     5
       Blink             |     1 |    11 |     2 ||    14
  Use: Potion            |     3 |     1 |       ||     4
       Scroll            |       |    11 |       ||    11
 Stab: Sleeping          |       |     3 |       ||     3
       Distracted        |       |     1 |       ||     1
  Eat: Ration            |     2 |     2 |     1 ||     5
       Chunk             |       |     1 |       ||     1
Armor: Skin              |    36 |    70 |    63 ||   169
Dodge: Dodged            |   123 |   193 |   149 ||   465
